 Dungeon Crawl Stone Soup version 0.32-a0-128-g77eb882913 (webtiles) character file.

Game seed: 4328057128894754373

2 Esekla the Sneak (level 1, -2/16 HPs)
             Began as an Octopode Delver on Feb 7, 2024.
             Slain by an orc
             ... wielding a +0 hand axe
              (3 damage)
             ... on level 5 of the Dungeon.
             The game lasted 00:01:13 (82 turns).

Esekla the Sneak (Octopode Delver)                    Turns: 82, Time: 00:01:14

Health: -2/16      AC:  1    Str: 11    XL:     1   Next: 30%
Magic:  1/1        EV: 13    Int: 12    God:
Gold:   0          SH:  0    Dex: 13    Spells: 0/0 levels left

rFire   . . .        a - +0 falchion
rCold   . . .        (no shield)
rNeg    . . .        (helmet restricted)
rPois   .            (no amulet)
rElec   .            (no ring)
rCorr   .            (no ring)
SInv    .            (no ring)
Will    .....        (no ring)
Stlth   ++++         (no ring)
HPRegen 0.22/turn    (no ring)
MPRegen 0.07/turn    (no ring)
                     (no ring)

%: no passive effects
@: no status effects
A: almost no armour, amphibious, 8 rings, camouflage 1, gelatinous body 1,
(nimble swimmer 1), tentacles
a: no special abilities


You were on level 5 of the Dungeon.
You visited 1 branch of the dungeon, and saw 1 of its levels.

Inventory:

Hand Weapons
 a - a +0 falchion (weapon)
Wands
 f - a wand of digging (3)
Scrolls
 b - a scroll of fog
 d - a scroll of fear
 h - a scroll of noise {unknown}
Potions
 c - a potion of invisibility {unknown}
 e - a potion of haste
 g - a potion of resistance {unknown}


   Skills:
 * Level 3.0 Fighting
 + Level 2.0 Long Blades
 * Level 2.0 Dodging
 + Level 6.6 Stealth


You couldn't memorise any spells.
You didn't know any spells.
Your spell library was empty.

Dungeon Overview and Level Annotations

Branches:
Dungeon (5/15)
 Temple: D:4-7

Altars:

Portals:
Ossuary: D:5


Innate Abilities, Weirdness & Mutations

You cannot wear most types of armour.
You are amphibious.
You can wear up to eight rings at the same time.
Your skin changes colour to match your surroundings (Stealth+).
Your rubbery body absorbs attacks. (AC +1, EV +1)
((You are camouflaged when in or above water. (Stealth+)))
You have tentacles for arms and can constrict up to eight enemies at once.


Message History

The orc shouts!
You hit the orc. Your grab misses the orc. Your squeeze misses the orc.
The orc is moderately wounded.
You hear a shout!
The orc closely misses you.
You hit the orc. You grab the orc.
The orc is heavily wounded.
You constrict the orc, but do no damage.
The orc hits you with a +0 hand axe!
You hit the orc.
You kill the orc!
Things that are here:
a +0 hand axe; a +0 ring mail; an orc corpse An orc wizard and 2 orcs come into view.
You closely miss the orc. You grab the orc. You constrict the orc.
You hear a shout!
You lose your grip on something.
You miss the orc wizard. You grab the orc wizard.
You constrict the orc wizard, but do no damage.
The orc wizard closely misses you.
You hit the orc wizard.
The orc wizard is lightly wounded.
You constrict the orc wizard.
The orc wizard mumbles some strange words.
The orc wizard flickers and vanishes!
Deactivating autopickup; reactivate with Ctrl-A.
You hit something but do no damage. You constrict something.
You hear a shout!
Something hits you.
You completely miss something. You constrict something. You hit something.
You constrict something. You closely miss something. Something hits you.
The orc barely misses you. x2
Something hits you.
You closely miss the orc. Your grab misses the orc.
Your squeeze misses the orc. The orc closely misses you. Something hits you.
* * * LOW HITPOINT WARNING * * *
You hit the orc but do no damage. You grab the orc.
You constrict the orc, but do no damage.
The orc hits you with a +0 hand axe.
You die...

############.#.##.#.##### *,*
###.#....#.##### *,*
###.#.####.#####****,*
###.#.####.#....,,,,,,
###.#.####.#.##*****,,
##############.#......#,*,,,,,*,,
#............#.########,*,***,*,,
#..............#{oo# *>*,* *,***
#............###@#.#***,*,* *,***
#............# #.#oo.**,*,* *,,,,
#............# #)###.#*,*,* *,***
##########.#####.# *...,*,* ***
#.......# **##.*,*
#########******#,* *,,,,,,,,,,,*
*** *,*********** *,, *,* *,*


You could see 2 orcs.

Vanquished Creatures
  An orc (D:5)
1 creature vanquished.

Notes
Turn   | Place    | Note
-------+----------+-------------------------------------------
     0 | D:5      | Esekla the Octopode Delver began the quest for the Orb.
     0 | D:5      | Reached XP level 1. HP: 16/16 MP: 1/1
     0 | D:5      | Found a sand-covered staircase.
    72 | D:5      | Noticed an orc wizard
    82 | D:5      | Slain by an orc

Illustrated notes

Levels and vault maps discovered:
D:5:      layout_basic, grunt_gozag_breadcrumbs, enter_ossuary_4, serial_shops,
          nicolae_lakefront_shop, kennysheep_generic_room_9, uniq_grinder

Action                     || total
---------------------------++-------
  Melee: Falchion          ||    12
         Constrict         ||     4
    Use: Scroll            ||     1
 Armour: Skin              ||     6
  Dodge: Dodged            ||     5

Table legend: (Time is in decaauts)
 A = Elapsed time spent in this place.
 B = Non-inter-level travel time spent in this place.
 C = Inter-level travel time spent in this place.
 D = Time resting spent in this place.
 E = Time spent auto-exploring this place.
 F = Levels seen in this place.
 G = Mean time per level.
                   A        B        C        D        E       F      G
               +--------+--------+--------+--------+--------+-----+--------+
         Total |     84 |     84 |      0 |      0 |      0 |   1 |   84.0 |
       Dungeon |     84 |     84 |      0 |      0 |      0 |   1 |   84.0 |
               +--------+--------+--------+--------+--------+-----+--------+

Top non-repeatable levels by time:
     D:5: 84 daAuts
